PINL
OGDEN SPIKES @ MAGIC VALLEY MAGICIANS
06/21/1982
 
TOP OF THE 1ST
Ogden Spikes batting - Pitching for Magic Valley Magicians : RHP Bill Boddy
Pitching: RHP Bill Boddy
Batting: LHB Everett Graham 0-0: Called Strike
0-1: Ball
1-1: Foul Ball, location: 2F
1-2: Foul Ball, location: 2F
1-2: Ball
2-2: Foul Ball, location: 2F
2-2: Ball
3-2: Fly out, F4 (Line Drive, 4, EV 71.9 MPH)
Batting: LHB Marvin Parker 0-0: Ball
1-0: Called Strike
1-1: Ground out 5-3 (Groundball, 56S, EV 71.9 MPH)
Batting: RHB Jacob Brumfield 0-0: Ball
1-0: Called Strike
1-1: Swinging Strike
1-2: Ball
2-2: Foul Ball, location: 2F
2-2: Fly out, F4 (Popup, 4S, EV 72.5 MPH)
Top of the 1st over - 0 runs, 0 hits, 0 errors, 0 left on base; Ogden 0 - Magic Valley 0
BOTTOM OF THE 1ST
Magic Valley Magicians batting - Pitching for Ogden Spikes : LHP Bertoldo Manfredi
Pitching: LHP Bertoldo Manfredi
Batting: RHB Willie Lozado 0-0: Ball
1-0: Called Strike
1-1: Called Strike
1-2: Ground out 6-3 (Groundball, 6, EV 87.5 MPH)
Batting: RHB Terry Steinbach 0-0: Ball
1-0: Called Strike
1-1: Foul Ball, location: 2F
1-2: Ground out 5-3 (Groundball, 56, EV 78.8 MPH)
Batting: RHB Matt Cimo 0-0: Called Strike
0-1: Foul Ball, location: 2F
0-2: Ball
1-2: DOUBLE (Line Drive, 9LS, EV 106.3 MPH)
Batting: RHB Jason Felice 0-0: Ball
1-0: 2-RUN HOME RUN (Flyball, 78XD, EV 103.1 MPH), Distance : 420 ft
Batting: RHB Marlin McPhail 0-0: Called Strike
0-1: Ground out 4-3 (Groundball, 4, EV 87.5 MPH)
Bottom of the 1st over - 2 runs, 2 hits, 0 errors, 0 left on base; Ogden 0 - Magic Valley 2
TOP OF THE 2ND
Ogden Spikes batting - Pitching for Magic Valley Magicians : RHP Bill Boddy
Batting: LHB Roberto Casasnovas 0-0: Foul Ball, location: 2F
0-1: Ball
1-1: Ball
2-1: Foul Ball, location: 2F
2-2: Foul Ball, location: 2F
2-2: Fly out, F7 (Flyball, 7LM, EV 85.6 MPH)
Batting: LHB Dave Vetsch 0-0: Called Strike
0-1: Ball
1-1: Foul Ball, location: 2F
1-2: Ball
2-2: Foul Ball, location: 2F
2-2: Foul Ball, location: 2F
2-2: Foul Ball, location: 2F
2-2: SOLO HOME RUN (Flyball, 9LD, EV 111.3 MPH), Distance : 345 ft
Batting: RHB Jeffrey Smith 0-0: Ball
1-0: Ball
2-0: Ball
3-0: Called Strike
3-1: Base on Balls
Batting: LHB Lenny Harris 0-0: SINGLE (Line Drive, 8RS, EV 88.1 MPH)
Jeffrey Smith to second
Runner from 2nd tries for 3rd, SAFE, throw by CF made to third
Batting: SHB Mark Lemke 0-0: Ball
1-0: Ball
2-0: Ball
Wild Pitch!
Jeffrey Smith scores
Lenny Harris to second
3-0: Called Strike
3-1: Base on Balls
Batting: RHB Wilfredo Tejada 0-0: Foul Ball, location: 2F
0-1: Ball
1-1: Swinging Strike
1-2: Fielders Choice at 2nd, 3-6 (Groundball, 34S, EV 80.0 MPH)
Lenny Harris to third
Batting: LHB Everett Graham 0-0: Ball
1-0: 3-RUN HOME RUN (Flyball, 9D, EV 109.4 MPH), Distance : 384 ft
Batting: LHB Marvin Parker 0-0: Ball
1-0: SINGLE (Flyball, 8RS, EV 99.4 MPH)
Batting: RHB Jacob Brumfield 0-0: Ball
1-0: Called Strike
1-1: Fly out, F8 (Line Drive, 8LM, EV 98.8 MPH)
Top of the 2nd over - 5 runs, 4 hits, 0 errors, 1 left on base; Ogden 5 - Magic Valley 2
BOTTOM OF THE 2ND
Magic Valley Magicians batting - Pitching for Ogden Spikes : LHP Bertoldo Manfredi
Batting: RHB Kevin Ward 0-0: Ball
1-0: Fly out, F9 (Line Drive, 9, EV 100.0 MPH)
Batting: RHB Hank Landers 0-0: Ball
1-0: Ball
2-0: Ball
3-0: Called Strike
3-1: Ground out 4-3 (Groundball, 4M, EV 91.9 MPH)
Batting: RHB Terry Edwards 0-0: Ball
1-0: Called Strike
1-1: Ball
2-1: Ball
3-1: Base on Balls
Batting: RHB Michael Smith 0-0: Ball
1-0: Ball
2-0: Called Strike
2-1: Ball
3-1: Fielders Choice at 2nd, 6-4 (Groundball, 6, EV 81.3 MPH)
Bottom of the 2nd over - 0 runs, 0 hits, 0 errors, 1 left on base; Ogden 5 - Magic Valley 2
TOP OF THE 3RD
Ogden Spikes batting - Pitching for Magic Valley Magicians : RHP Bill Boddy
Batting: LHB Roberto Casasnovas 0-0: Ball
1-0: Ball
2-0: Ball
3-0: Base on Balls
Batting: LHB Dave Vetsch 0-0: Foul Ball, location: 2F
0-1: Ball
1-1: Ball
2-1: SINGLE (Line Drive, 89S, EV 101.9 MPH)
Roberto Casasnovas to second
Pitching: RHP Ron Batter
Batting: RHB Jeffrey Smith 0-0: Ball
Wild Pitch!
Roberto Casasnovas to third
Dave Vetsch to second
1-0: Fly out, F7 (Flyball, 78D, EV 89.4 MPH)
Runner from 3rd tags up, SCORES, throw by LF
Batting: LHB Lenny Harris 0-0: Ball
1-0: Ball
2-0: Ball
Wild Pitch!
Dave Vetsch to third
3-0: Called Strike
3-1: Called Strike
3-2: SINGLE (Flyball, 8RS, EV 99.4 MPH)
Dave Vetsch scores
Batting: SHB Mark Lemke 0-0: Ball
Lenny Harris steals 2nd, throwing error, E2
Lenny Harris to third
1-0: Ground out 4-3 (Groundball, 4M, EV 94.4 MPH)
Lenny Harris scores
Batting: RHB Wilfredo Tejada 0-0: Ball
1-0: Ball
2-0: Called Strike
2-1: Foul Ball, location: 2F
2-2: Ball
3-2: Fly out, F7 (Flyball, 7LM, EV 103.1 MPH)
Top of the 3rd over - 3 runs, 2 hits, 1 error, 0 left on base; Ogden 8 - Magic Valley 2
BOTTOM OF THE 3RD
Magic Valley Magicians batting - Pitching for Ogden Spikes : LHP Bertoldo Manfredi
Batting: RHB Willie Lozado 0-0: Called Strike
0-1: Called Strike
0-2: Fly out, F5 (Line Drive, 5, EV 63.1 MPH)
Batting: RHB Terry Steinbach 0-0: Ball
1-0: Ball
2-0: Foul Ball, location: 2F
2-1: Ground out 6-3 (Groundball, 6S, EV 81.3 MPH)
Batting: RHB Matt Cimo 0-0: Ball
1-0: Called Strike
1-1: Ground out 5-3 (Groundball, 56, EV 88.8 MPH)
Bottom of the 3rd over - 0 runs, 0 hits, 0 errors, 0 left on base; Ogden 8 - Magic Valley 2
TOP OF THE 4TH
Ogden Spikes batting - Pitching for Magic Valley Magicians : RHP Ron Batter
Batting: LHB Everett Graham 0-0: Ball
1-0: Ball
2-0: Ball
3-0: Base on Balls
Batting: LHB Marvin Parker 0-0: Ball
1-0: Swinging Strike
1-1: Called Strike
1-2: Ball
2-2: Fly out, F9 (Flyball, 89M, EV 78.1 MPH)
Batting: RHB Jacob Brumfield 0-0: Ball
1-0: Called Strike
1-1: Ball
2-1: Foul Ball, location: 2F
2-2: SINGLE (Groundball, 56D, EV 100.6 MPH)
Everett Graham to second
Runner from 2nd tries for 3rd, SAFE, throw by LF made to third
Batting: LHB Roberto Casasnovas 0-0: Ball
Jacob Brumfield is caught stealing 2nd base 2-6
1-0: Foul Ball, location: 2F
1-1: Ground out 5-3 (Groundball, 56, EV 102.5 MPH)
Top of the 4th over - 0 runs, 1 hit, 0 errors, 1 left on base; Ogden 8 - Magic Valley 2
BOTTOM OF THE 4TH
Magic Valley Magicians batting - Pitching for Ogden Spikes : LHP Bertoldo Manfredi
Batting: RHB Jason Felice 0-0: SINGLE (Groundball, 6S, EV 67.5 MPH) (infield hit)
Batting: RHB Marlin McPhail 0-0: Called Strike
Jason Felice steals 2nd, throwing error, E2
Jason Felice to third
0-1: Ball
1-1: SINGLE (Groundball, 56D, EV 105.0 MPH)
Jason Felice scores
Batting: RHB Kevin Ward 0-0: Ball
1-0: Ball
2-0: Foul Ball, location: 2F
2-1: Grounds into double play, 5-4-3 (Groundball, 5, EV 87.5 MPH)
Batting: RHB Hank Landers 0-0: Ground out 6-3 (Groundball, 6, EV 80.0 MPH)
Bottom of the 4th over - 1 run, 2 hits, 1 error, 0 left on base; Ogden 8 - Magic Valley 3
TOP OF THE 5TH
Ogden Spikes batting - Pitching for Magic Valley Magicians : RHP Ron Batter
Batting: LHB Dave Vetsch 0-0: Called Strike
0-1: Ball
1-1: Fly out, F8 (Flyball, 8RS, EV 94.4 MPH)
Batting: RHB Jeffrey Smith 0-0: Fly out, F9 (Flyball, 9LS, EV 89.4 MPH)
Batting: LHB Lenny Harris 0-0: Swinging Strike
0-1: Ground out 6-3 (Groundball, 6, EV 77.5 MPH)
Top of the 5th over - 0 runs, 0 hits, 0 errors, 0 left on base; Ogden 8 - Magic Valley 3
BOTTOM OF THE 5TH
Magic Valley Magicians batting - Pitching for Ogden Spikes : LHP Bertoldo Manfredi
Batting: RHB Terry Edwards 0-0: Fly out, F6 (Flyball, 56D, EV 83.8 MPH)
Batting: RHB Michael Smith 0-0: Fly out, F7 (Flyball, 7, EV 83.8 MPH)
Batting: RHB Willie Lozado 0-0: Called Strike
0-1: SINGLE (Groundball, 56S, EV 71.3 MPH) (infield hit)
Batting: RHB Terry Steinbach 0-0: Ball
1-0: Ball
2-0: Fly out, F8 (Flyball, 8RM, EV 88.8 MPH)
Bottom of the 5th over - 0 runs, 1 hit, 0 errors, 1 left on base; Ogden 8 - Magic Valley 3
TOP OF THE 6TH
Ogden Spikes batting - Pitching for Magic Valley Magicians : RHP Ron Batter
Batting: SHB Mark Lemke 0-0: Called Strike
0-1: Ball
1-1: Ball
2-1: Ball
3-1: Base on Balls
Batting: RHB Wilfredo Tejada 0-0: Called Strike
0-1: Grounds into double play, 6-4-3 (Groundball, 6, EV 90.6 MPH)
Batting: LHB Everett Graham 0-0: Ball
1-0: Ball
2-0: Ball
3-0: Base on Balls
Batting: LHB Marvin Parker 0-0: Ball
Everett Graham steals 2nd base
1-0: SINGLE (Groundball, 34D, EV 108.8 MPH) (infield hit)
Everett Graham to third
Batting: RHB Jacob Brumfield 0-0: SINGLE (Line Drive, 5D, EV 104.4 MPH)
Everett Graham scores
Marvin Parker to second
Batting: LHB Roberto Casasnovas 0-0: Ball
1-0: SINGLE (Groundball, 4D, EV 98.1 MPH)
Marvin Parker to third
Jacob Brumfield to second
Runner from 3rd tries for Home, SAFE, throw by CF to home
Batting: LHB Dave Vetsch 0-0: Called Strike
0-1: Swinging Strike
0-2: Ball
1-2: Ball
2-2: Foul Ball, location: 2F
2-2: Ball
3-2: SINGLE (Groundball, 4MS, EV 70.0 MPH) (infield hit)
Jacob Brumfield to third
Roberto Casasnovas to second
Pitching: RHP Larry Beardman
Batting: RHB Jeffrey Smith 0-0: Ball
1-0: SINGLE (Groundball, 6D, EV 109.4 MPH)
Jacob Brumfield scores
Roberto Casasnovas to third
Dave Vetsch to second
Runner from 3rd tries for Home, SAFE, throw by CF to home
Batting: LHB Lenny Harris 0-0: Ball
1-0: Ball
2-0: Ball
3-0: Called Strike
3-1: Foul Ball, location: 2F
3-2: Fly out, F9 (Flyball, 89S, EV 76.9 MPH)
Top of the 6th over - 4 runs, 5 hits, 0 errors, 2 left on base; Ogden 12 - Magic Valley 3
BOTTOM OF THE 6TH
Magic Valley Magicians batting - Pitching for Ogden Spikes : LHP Bertoldo Manfredi
Batting: RHB Matt Cimo 0-0: Ball
1-0: Called Strike
1-1: Ball
2-1: Fly out, F7 (Flyball, 7S, EV 80.0 MPH)
Batting: RHB Jason Felice 0-0: Swinging Strike
0-1: Foul Ball, location: 2F
0-2: Ball
1-2: Foul Ball, location: 2F
1-2: Foul Ball, location: 2F
1-2: Ball
2-2: Foul Ball, location: 2F
2-2: Strikes out swinging
Batting: RHB Marlin McPhail 0-0: Fly out, F7 (Flyball, 78M, EV 85.6 MPH)
Bottom of the 6th over - 0 runs, 0 hits, 0 errors, 0 left on base; Ogden 12 - Magic Valley 3
TOP OF THE 7TH
Ogden Spikes batting - Pitching for Magic Valley Magicians : RHP Larry Beardman
Batting: SHB Mark Lemke 0-0: Ball
1-0: Foul Ball, location: 2F
1-1: Ball
2-1: Ball
3-1: Ground out 4-3 (Groundball, 4D, EV 81.3 MPH)
Batting: RHB Wilfredo Tejada 0-0: Fly out, F8 (Flyball, 8RM, EV 90.6 MPH)
Pinch Hitting: RHB Matthew Young 0-0: Ball
1-0: Foul Ball, location: 2F
1-1: Called Strike
1-2: Ball
2-2: Ball
3-2: Foul Ball, location: 2F
3-2: Fly out, F6 (Flyball, 56D, EV 97.5 MPH)
Top of the 7th over - 0 runs, 0 hits, 0 errors, 0 left on base; Ogden 12 - Magic Valley 3
BOTTOM OF THE 7TH
Magic Valley Magicians batting - Pitching for Ogden Spikes : LHP Bertoldo Manfredi
Now in LF: Matthew Young
Pinch Hitting: SHB William Wiesler 0-0: Called Strike
0-1: Ground out 4-3 (Groundball, 34, EV 85.0 MPH)
Pinch Hitting: LHB Thomas Robinson 0-0: Ball
1-0: Foul Ball, location: 2F
1-1: Swinging Strike
1-2: Ball
2-2: Ball
3-2: Base on Balls
Batting: RHB Terry Edwards 0-0: Ball
1-0: Ball
2-0: 2-RUN HOME RUN (Flyball, 7LD, EV 103.8 MPH), Distance : 368 ft
Batting: RHB Michael Smith 0-0: Swinging Strike
0-1: Fly out, F7 (Flyball, 78D, EV 106.3 MPH)
Batting: RHB Willie Lozado 0-0: Ball
1-0: Ball
2-0: SINGLE (Flyball, 8LS, EV 83.1 MPH)
Pinch Hitting: RHB Bradley DeKraai 0-0: Ball
1-0: Fly out, F4 (Popup, 4, EV 71.9 MPH)
Bottom of the 7th over - 2 runs, 2 hits, 0 errors, 1 left on base; Ogden 12 - Magic Valley 5
TOP OF THE 8TH
Ogden Spikes batting - Pitching for Magic Valley Magicians : RHP Larry Beardman
Now at 1B: Peter Beattie
Now at 3B: Bradley DeKraai
Now in CF: William Wiesler
Batting: LHB Marvin Parker 0-0: Ball
1-0: Ball
2-0: Ball
3-0: Base on Balls
Pinch Hitting: RHB Ken Kraft 0-0: Fly out, F4 (Flyball, 34D, EV 85.0 MPH)
Batting: LHB Roberto Casasnovas 0-0: Called Strike
0-1: Foul Ball, location: 2F
0-2: SINGLE (Groundball, 13, EV 78.8 MPH) (infield hit)
Marvin Parker to second
Pinch Hitting: SHB Johnny Isaac 0-0: Fly out, F9 (Flyball, 89D, EV 83.1 MPH)
Runner from 2nd tags up, SAFE at 3rd, no throw by RF
Batting: RHB Jeffrey Smith 0-0: Foul Ball, location: 2F
0-1: Ball
1-1: Foul Ball, location: 2F
1-2: Ball
2-2: Ball
3-2: Ground out 6-3 (Groundball, 6, EV 86.3 MPH)
Top of the 8th over - 0 runs, 1 hit, 0 errors, 2 left on base; Ogden 12 - Magic Valley 5
BOTTOM OF THE 8TH
Magic Valley Magicians batting - Pitching for Ogden Spikes : LHP Bertoldo Manfredi
Now at SS: Ken Kraft
Now in RF: Johnny Isaac
Batting: RHB Matt Cimo 0-0: Swinging Strike
0-1: Ball
1-1: Ball
2-1: Swinging Strike
2-2: Ball
3-2: Strikes out swinging, 2-3 out at first.
Batting: RHB Jason Felice 0-0: Called Strike
0-1: Called Strike
0-2: Ground out 5-3 (Groundball, 56S, EV 70.0 MPH)
Batting: RHB Marlin McPhail 0-0: Ball
1-0: Ball
2-0: Called Strike
2-1: Fly out, F9 (Flyball, 89M, EV 90.0 MPH)
Bottom of the 8th over - 0 runs, 0 hits, 0 errors, 0 left on base; Ogden 12 - Magic Valley 5
TOP OF THE 9TH
Ogden Spikes batting - Pitching for Magic Valley Magicians : RHP Larry Beardman
Pinch Hitting: RHB Steve Sproesser 0-0: Ball
1-0: Ball
2-0: Foul Ball, location: 2F
2-1: Ball
3-1: Base on Balls
Batting: SHB Mark Lemke 0-0: Called Strike
0-1: Foul Ball, location: 2F
0-2: Ball
1-2: Foul Ball, location: 2F
1-2: Foul Ball, location: 2F
1-2: Ball
2-2: DOUBLE (Flyball, 89D, EV 96.9 MPH)
Steve Sproesser to third
Batting: RHB Wilfredo Tejada 0-0: Called Strike
0-1: Called Strike
0-2: Fly out, F7 (Line Drive, 7, EV 98.1 MPH)
Batting: RHB Matthew Young 0-0: SINGLE (Groundball, 34D, EV 98.1 MPH)
Steve Sproesser scores
Mark Lemke to third
Runner from 3rd tries for Home, SAFE, throw by RF to home
Batting: LHB Marvin Parker 0-0: Ball
1-0: Ball
2-0: Foul Ball, location: 2F
2-1: Fly out, F7 (Flyball, 7S, EV 92.5 MPH)
Batting: RHB Ken Kraft 0-0: Ball
1-0: Ball
2-0: Ball
3-0: Base on Balls
Matthew Young to second
Batting: LHB Roberto Casasnovas 0-0: Called Strike
0-1: Swinging Strike
0-2: Ball
1-2: Foul Ball, location: 2F
1-2: Ball
2-2: SINGLE (Line Drive, 7S, EV 102.5 MPH)
Matthew Young to third
Ken Kraft to second
Runner from 3rd tries for Home, SAFE, throw by LF to home
Pitching: RHP Fred Bogart
Pinch Hitting: RHB Joey Mackay 0-0: DOUBLE (Flyball, 78XD, EV 101.9 MPH)
Ken Kraft scores
Roberto Casasnovas to third
Batting: RHB Jeffrey Smith 0-0: Called Strike
0-1: Swinging Strike
0-2: Fly out, F8 (Flyball, 8LM, EV 94.4 MPH)
Top of the 9th over - 4 runs, 4 hits, 0 errors, 2 left on base; Ogden 16 - Magic Valley 5
BOTTOM OF THE 9TH
Magic Valley Magicians batting - Pitching for Ogden Spikes : LHP Bertoldo Manfredi
Now at 3B: Steve Sproesser
Now in RF: Joey Mackay
Batting: SHB William Wiesler 0-0: Fly out, F9 (Line Drive, 9, EV 96.9 MPH)
Batting: RHB Peter Beattie 0-0: Fly out, F4 (Line Drive, 4, EV 63.8 MPH)
Batting: RHB Terry Edwards 0-0: Ball
1-0: Ball
2-0: Called Strike
2-1: Foul Ball, location: 2F
2-2: Fly out, F7 (Line Drive, 7D, EV 95.0 MPH)
Bottom of the 9th over - 0 runs, 0 hits, 0 errors, 0 left on base; Ogden 16 - Magic Valley 5
Monday, August 10th, 2020 - OOTP Baseball 21.5 Build 76